AoeStats
← Boris the Beast

Fortress

507542798Analyzed
2v2 RM · 13d ago on Sep 18, 2026· 23m 49s· 4 players
Game mode
Random Map
Map size
Normal (6 player)
Population
200
Speed
Normal
Resources
Standard
Victory
Conquest
Starting age
Dark Age
Ending age
Imperial Age
RankedLock teamsTeams togetherTeam positionsShared explorationLock speedFull tech treeHidden civsTurbo modeCheats
Victory
Defeat
🇩🇪 Japanese · Germany
1054
+15
🇩🇪 Teutons · Germany
982
+19
🇩🇪 Bohemians · Germany
1043
-17
🇩🇪 Khmer · Germany
1029
-17
[Knusper] Antonio
7:32 Feudal Age
9:35 Loom
12:15 Castle Age
10:21 Double-Bit Axe
10:31 Horse Collar
12:18 Wheelbarrow
12:01 Arson
12:24 Scale Mail Armor
13:07 Forging
14:58 Heavy Plow
21:13 Squires
21:51 Chain Mail Armor
23:16 Iron Casting
sams_mail
8:48 Feudal Age
7:04 Loom
10:46 Double-Bit Axe
13:38 Forging
13:29 Scale Mail Armor
16:23 Castle Age
15:33 Wheelbarrow
15:46 Padded Archer Armor
15:36 Fletching
16:11 Gold Mining
16:55 Crossbowman
18:17 Bow Saw
20:25 Pikeman
Boris the Beast
2:30 Loom
7:28 Feudal Age
8:03 Double-Bit Axe
8:01 Horse Collar
13:20 Castle Age
12:56 Wheelbarrow
12:47 Gold Mining
14:21 Bow Saw
14:49 Gold Shaft Mining
15:03 Scale Barding Armor
15:54 Forging
20:12 Iron Casting
23:11 Husbandry
23:21 Bloodlines
24:00 Hand Cart
Steve the Thief
0:41 Loom
7:30 Feudal Age
7:56 Double-Bit Axe
7:56 Horse Collar
13:27 Castle Age
14:42 Bow Saw
14:35 Heavy Plow
17:46 Wheelbarrow
17:02 Pikeman
22:42 Chemistry
22:58 Fervor
23:54 Masonry
Connection lost

Rejoining the realm…

Still unreachable

The connection could not be restored.

Session expired

The server has moved on; the page needs a fresh start.